 Dungeon Crawl Stone Soup version 0.27.0-1-g7a089689b8 (webtiles) character file.

Game seed: 10375534458432419984

496 Gwenloh the Artisan of Death (level 6, -1/52 HPs)
             Began as a Deep Dwarf Gladiator on Aug 6, 2021.
             Was a Priest of Kikubaaqudgha.
             Slain by an ogre (21 damage)
             ... on level 4 of the Dungeon.
             The game lasted 00:28:02 (4261 turns).

Gwenloh the Artisan of Death (Deep Dwarf Gladiator) Turns: 4261, Time: 00:28:03

Health: -1/52      AC:  7    Str: 17    XL:     6   Next: 93%
Magic:  1/9        EV: 13    Int: 11    God:    Kikubaaqudgha [***...]
Gold:   216        SH:  0    Dex: 14    Spells: 0/9 levels left

rFire    . . .     SeeInvis .   a - +0 war axe
rCold    . . .     Faith    .   (no shield)
rNeg     . . .     Spirit   .   b - +0 leather armour
rPois    .         Reflect  .   n - +1 helmet
rElec    .         Harm     .   m - +0 cloak
rCorr    .         Rampage  .   (no gloves)
Will     .....                  k - +0 pair of boots
Stlth    +.........             (no amulet)
HPRegen  0.00/turn              (no ring)
MPRegen  0.11/turn              (no ring)

@: no status effects
A: damage resistance, heal wounds, sense surroundings 1, no regeneration
a: Heal Wounds, Renounce Religion, Receive Corpses


You were on level 4 of the Dungeon.
You worshipped Kikubaaqudgha.
Kikubaaqudgha was most pleased with you.
You visited 1 branch of the dungeon, and saw 5 of its levels.

You collected 216 gold pieces.

Inventory:

Hand Weapons
 a - a +0 war axe (weapon)
Missiles
 d - 3 throwing nets
 g - 107 stones
 j - 96 bolts
 p - 6 boomerangs (quivered)
 s - 14 poisoned darts
Armour
 b - a +0 leather armour (worn)
 k - a +0 pair of boots (worn)
 m - a +0 cloak (worn)
 n - a +1 helmet (worn)
Wands
 w - a wand of iceblast (9)
 x - a wand of acid (9)
Scrolls
 c - a scroll of immolation {unknown}
 e - a scroll of enchant armour {unknown}
 f - 3 scrolls of identify {unknown}
 h - 4 scrolls of enchant weapon {unknown}
 l - a scroll of blinking {unknown}
 t - a scroll of amnesia {unknown}
 v - a scroll of fog {unknown}
Potions
 i - 2 potions of degeneration {unknown}
 o - 2 potions of heal wounds {unknown}
 q - a potion of attraction {unknown}
 r - a potion of magic {unknown}
 u - a potion of brilliance {unknown}


   Skills:
 - Level 1.7 Fighting
 - Level 3.5 Axes
 - Level 1.7 Throwing
 - Level 2.0 Armour
 - Level 4.0 Dodging
 + Level 2.3 Spellcasting
 * Level 6.1 Necromancy


You couldn't memorise any spells.
You knew the following spells:

 Your Spells              Type           Power      Damage    Failure   Level
a - Pain                  Necr           56%        1d6       2%          1
b - Animate Skeleton      Necr           28%        N/A       2%          1
c - Vampiric Draining     Necr           7%         2d7       9%          3
d - Dispel Undead         Necr           14%        3d10      26%         4

Your spell library contained the following spells:

 Spells                   Type           Power      Damage    Failure   Level
 Sublimation of Blood     Necr           7%         N/A       4%          2
 Animate Dead             Necr           7%         N/A       26%         4
 Beastly Appendage        Tmut           2%         N/A       34%         1
 Freeze                   Ice            4%         1d3       34%         1
 Wereblood                Tmut           1%         N/A       45%         2
 Agony                    Necr           14%        N/A       58%         5
 Excruciating Wounds      Necr           7%         N/A       58%         5
 Frozen Ramparts          Ice            2%         1d2       71%         3
 Ignite Poison            Fire/Tmut/Pois 1%         N/A       71%         3
 Mephitic Cloud           Conj/Pois/Air  1%         N/A       71%         3
 Spider Form              Tmut/Pois      0%         N/A       71%         3
 Hailstorm                Conj/Ice       1%         3d3       98%         4
 Death Channel            Necr           7%         N/A       99%         6
 Bolt of Magma            Conj/Fire/Erth 0%         4d4       100%        5


Dungeon Overview and Level Annotations

Branches:
Dungeon (5/15)             Temple (0/1) D:4

Altars:
Ashenzari
Gozag
Kikubaaqudgha
Makhleb

Annotations:
D:3 Grinder


Innate Abilities, Weirdness & Mutations

You are resistant to damage.
You can heal yourself by infusing magical energy.
You passively map a small area around you.
You do not regenerate.


Message History

The ogre writhes in agony.
Throw: 6 boomerangs
Press: ? - help, Q - select action, (/) - cycle Shift-Dir - straight line, f/p - ogre
Aim: an ogre, wielding a +0 giant club (lightly wounded, 73% to hit)
You throw a boomerang. The boomerang barely misses the ogre.
Casting: Pain (safe; 2% risk of failure)
Confirm with . or Enter, or press ? or * to list all spells.
Aiming: Pain (safe; 2% risk of failure)
Press: ? - help, Shift-Dir - straight line, f/p - ogre
Aim: an ogre, wielding a +0 giant club (lightly wounded, chance to affect: 72%)
The ogre writhes in agony.
Casting: Pain (safe; 2% risk of failure)
Confirm with . or Enter, or press ? or * to list all spells.
Aiming: Vampiric Draining (dangerous; 9% risk of failure)
Press: ? - help, Shift-Dir - straight line, f/p - ogre
Aim: an ogre, wielding a +0 giant club (lightly wounded)
You draw life force from the ogre.
You feel life coursing into your body. The ogre closely misses you.
Unknown command.
Casting: Vampiric Draining (dangerous; 9% risk of failure)
Confirm with . or Enter, or press ? or * to list all spells.
Aiming: Pain (safe; 2% risk of failure)
Press: ? - help, Shift-Dir - straight line, f/p - ogre
Aim: an ogre, wielding a +0 giant club (moderately wounded, chance to affect: 72%)
The ogre writhes in agony.
The ogre hits you with a +0 giant club!!
Casting: Pain (safe; 2% risk of failure)
Confirm with . or Enter, or press ? or * to list all spells.
Aiming: Vampiric Draining (dangerous; 9% risk of failure)
Press: ? - help, Shift-Dir - straight line, f/p - ogre
Aim: an ogre, wielding a +0 giant club (moderately wounded)
You draw life force from the ogre.
You feel life coursing into your body.
You hit the ogre but do no damage.
The ogre is heavily wounded.
The ogre hits you with a +0 giant club!
You hit the ogre but do no damage.
The ogre is heavily wounded.
The ogre hits you with a +0 giant club!!
You die...
Kikubaaqudgha rasps: "You have failed me!
Welcome... death!"

####'###...##.### #.# #.#
#####.'...##.###.######
#.####.## )...###...##.#
#.#....# #........
#####^'...##.# #.#.##.#
######.## ########.#
#.#.##.# #... #.# #.#
#.#.##># #.## #.#####.#
#.#.##.########.# #.......#
#.#.#...........##
#######.#
#@#.#..########...
#.....§.# #O#.#...## #.##
#§§§≈≈§§# #........######.#
#.§≈≈≈§.# ###.............#
#.≈§§≈≈.# ##......######.#
#§≈§.≈≈.####......#######.#
#.§§§§§...................#
#.≈≈.≈§§.###...############
#.≈..§≈..# #####


You could see an ogre.

Vanquished Creatures
  A centaur zombie (D:4)
  3 hounds
  2 jellies
  An orc priest (D:4)
  2 iguanas (D:4)
  2 orc wizards
  A hound skeleton (D:4)
  Robin (D:1)
  6 adders
  A gnoll (D:3)
  3 worms
  2 dart slugs
  12 orcs
  4 ball pythons
  2 endoplasms
  3 giant cockroaches
  10 goblins
  11 hobgoblins
  7 jackals
  3 quokkas
  5 bats
  3 frilled lizards
  3 kobolds (D:2)
  2 rats
90 creatures vanquished.

Vanquished Creatures (collateral kills)
  An orc (D:3)
  3 goblins (D:2)
  A jackal (D:3)
  A frilled lizard (D:2)
6 creatures vanquished.

Grand Total: 96 creatures vanquished

Notes
Turn   | Place    | Note
-------+----------+-------------------------------------------
     0 | D:1      | Gwenloh the Deep Dwarf Gladiator began the quest for the
                  | Orb.
     0 | D:1      | Reached XP level 1. HP: 19/19 MP: 1/1
   224 | D:1      | Reached XP level 2. HP: 17/26 MP: 2/2
   534 | D:1      | Found a faded altar of an unknown god.
   538 | D:1      | Became a worshipper of Kikubaaqudgha
   538 | D:1      | Reached * piety under Kikubaaqudgha
   538 | D:1      | Received a gift from Kikubaaqudgha
   541 | D:1      | Learned a level 1 spell: Pain
   605 | D:1      | Reached skill level 1 in Armour
   731 | D:2      | Noticed Robin
   781 | D:2      | Reached skill level 1 in Necromancy
   930 | D:2      | Reached XP level 3. HP: 28/32 MP: 3/3
  1017 | D:2      | Learned a level 1 spell: Animate Skeleton
  1064 | D:1      | Killed Robin
  1065 | D:1      | Reached skill level 2 in Necromancy
  1086 | D:2      | Reached XP level 4. HP: 25/39 MP: 2/4
  1360 | D:2      | Reached ** piety under Kikubaaqudgha
  1781 | D:3      | Reached skill level 3 in Necromancy
  1881 | D:3      | Reached XP level 5. HP: 23/45 MP: 5/5
  2122 | D:3      | Reached skill level 4 in Necromancy
  2318 | D:3      | Noticed Grinder
  2351 | D:3      | Paralysed by Grinder for 2 turns
  2358 | D:3      | Paralysed by Grinder for 6 turns
  2640 | D:4      | Found a broken altar of Ashenzari.
  2640 | D:4      | Noticed an ogre
  2675 | D:4      | Found an opulent altar of Gozag.
  2786 | D:4      | Reached skill level 1 in Spellcasting
  2892 | D:4      | Found a staircase to the Ecumenical Temple.
  3000 | D:4      | Learned a level 3 spell: Vampiric Draining
  3065 | D:3      | Reached skill level 5 in Necromancy
  3065 | D:3      | Reached XP level 6. HP: 44/52 MP: 0/8
  3768 | D:4      | Reached *** piety under Kikubaaqudgha
  3768 | D:4      | Received a gift from Kikubaaqudgha
  3787 | D:4      | Found a burning altar of Makhleb.
  3922 | D:4      | Reached skill level 6 in Necromancy
  4218 | D:5      | Entered Level 5 of the Dungeon
  4226 | D:4      | Learned a level 4 spell: Dispel Undead
  4261 | D:4      | Slain by an ogre

Illustrated notes

Levels and vault maps discovered:
D:1:      dpeg_arrival_rooms_with_view, layout_basic,
          hellmonk_ecumenical_altar_heavens_door
D:2:      layout_rooms, uniq_robin
D:3:      layout_loops_ring, uniq_grinder
D:4:      layout_loops_ring, nicolae_gozag_cash_rules_everything_around_me,
          bloody_makhleb, mainiacjoe_overflow_catwalk, minmay_temple_entry_grid,
          cheibrodos_gnoll_hut
D:5:      layout_gridville

Skill      XL: |  1  2  3  4  5  6 |
---------------+-------------------+-----
Armour         | 1 2 |  2.0
Necromancy     | 1 2 3 5 6 |  6.1
Dodging        | 4 |  4.0
Spellcasting   | 1 2 |  2.3
Fighting       | |  1.7
Axes           | |  3.5
Throwing       | |  1.7

Action                   |  1- 3 |  4- 6 || total
-------------------------+-------+-------++-------
Melee: War axe           |    94 |   151 ||   245
Throw: Stone             |    34 |    10 ||    44
       Throwing net      |     1 |       ||     1
       Boomerang         |       |    15 ||    15
 Cast: Animate Skeleton  |     4 |    23 ||    27
       Pain              |       |    78 ||    78
       Vampiric Draining |       |    14 ||    14
Invok: Receive Corpses   |       |     2 ||     2
 Abil: Heal Wounds       |     1 |     4 ||     5
 Stab: Sleeping          |     1 |     2 ||     3
       Distracted        |     1 |       ||     1
Armor: Leather armour    |    32 |    75 ||   107
Dodge: Dodged            |    80 |   166 ||   246
